 Dungeon Sprint DCSS version 0.30-a0-122-g2a1322497e (webtiles) character file.

Game seed: 18401294201493120391

14709 rocky1 the Warrior (level 12, -1/337 HPs)
             Began as an Ogre Gladiator on Sept 16, 2022.
             Was an Initiate of Gozag.
             Slain by a hell knight
             ... wielding a +4 great sword
              (17 damage)
             ... in the Dungeon (Sprint VII: "The Pits").
             The game lasted 00:16:40 (5805 turns).

rocky1 the Warrior (Ogre Gladiator)                 Turns: 5805, Time: 00:16:40

Health: -1/337     AC: 33    Str: 25    XL:     12   Next: 19%
Magic:  0/12       EV:  1    Int:  9    God:    Gozag
Gold:   2953       SH:  0    Dex: 13    Spells: 11/11 levels left

rFire   + . .      SeeInvis .    s - +2 dire flail (protect)
rCold   + . .      Faith    .    (shield currently unavailable)
rNeg    . . .      Spirit   +    (body armour currently unavailable)
rPois   +          Reflect  .    (helmet currently unavailable)
rElec   +          Harm     .    (cloak currently unavailable)
rCorr   +          Rampage  .    (gloves unavailable)
Will    ++...      NoTele   +    (boots unavailable)
Stlth   ..........               C - amulet of guardian spirit
HPRegen 0.66/turn                l - +3 ring of dexterity
MPRegen 0.13/turn                D - ring of willpower

@: mighty, berserking (expiring), tree-form, resistant, under a protective aura,
hasted, very quick
A: stationary, stasis, torment immunity, boosted hp, large, unfitting armour,
(tough skin 1)
a: End Transformation, Renounce Religion, Potion Petition, Call Merchant, Bribe
Branch


You were in the Dungeon.
You worshipped Gozag.
Gozag was most pleased with you.
You were a tree.
You visited 1 branch You collected 6182 gold pieces.
You spent 1006 gold pieces at shops.
You paid 2223 gold pieces to Gozag.

Inventory:

Hand Weapons
 s - a +2 dire flail of protection (weapon)
Missiles
 d - a throwing net
 t - 5 large rocks
 u - 7 javelins (quivered)
Armour
 a - the +3 crown of Dyrovepreva (melded) {rElec Int+2 SInv}
   (You bought it in a shop in the Dungeon)

   Int:       It affects your intelligence (+2).
   rElec:     It insulates you from electricity.
   SInv:      It lets you see invisible.
 b - a +1 cloak of preservation (melded)
 h - a +1 hat of see invisible
 o - a +2 robe of willpower (melded)
Jewellery
 l - a +3 ring of dexterity (left branch)
 C - an amulet of guardian spirit (around neck)
 D - a ring of willpower (right branch)
 E - a ring of protection from fire
Wands
 e - a wand of roots (17)
Scrolls
 k - 2 scrolls of blinking
 m - 6 scrolls of amnesia
 n - a scroll of summoning
 v - a scroll of identify
 x - 2 scrolls of enchant armour
 y - 3 scrolls of fog
 z - 2 scrolls of fear
 A - a scroll of enchant weapon
Potions
 f - 7 potions of curing
 g - 7 potions of heal wounds
 i - 4 potions of magic
 q - 3 potions of brilliance
 r - 2 potions of mutation
 w - 3 potions of might


   Skills:
 + Level 17.8 Fighting
 + Level 16.5 Maces & Flails
 + Level 9.5 Throwing
 + Level 5.2 Armour
 + Level 12.1 Dodging
 + Level 9.3 Stealth
 + Level 5.3 Evocations


You had 11 spell levels left.
You didn't know any spells.
Your spell library was empty.

Dungeon Overview and Level Annotations

Branches:
Dungeon (1/1)

Altars:
Ashenzari
Cheibriados
Dithmenos
Elyvilon
Fedhas
Gozag
Hepliaklqana
Kikubaaqudgha
Makhleb
Nemelex Xobeh
Okawaru
Qazlal
Ru
Sif Muna
Trog
Uskayaw
Vehumet
Wu Jian
Xom
Yredelemnul
Zin
The Shining One
Jiyva
Lugonu

Shops:
D ([[


Innate Abilities, Weirdness & Mutations

You are a tree.
Your roots penetrate the ground, keeping you stationary.
You cannot be teleported.
You are immune to unholy pain and torment.
Your maximum health is greatly increased.
Your equipment is partially melded.
You are too large for most types of armour.
((You have tough skin. (AC +1)))


Message History

The hell knight hits you from afar with a +0 halberd!
* * * LOW HITPOINT WARNING * * *
The hell knight hits you with a +4 great sword!
* * * LOW HITPOINT WARNING * * *
You puncture the spriggan defender!
The spriggan defender is heavily wounded.
The spriggan defender blocks your attack.
The spriggan defender is heavily wounded.
The spriggan defender hits you with a +4 demon whip of electrocution!!
* * * LOW HITPOINT WARNING * * *
The hell knight hits you from afar with a +2 demon trident of flaming!
* * * LOW HITPOINT WARNING * * *
The hell knight burns you.
* * * LOW HITPOINT WARNING * * *
The spriggan defender blocks your attack.
The spriggan defender is heavily wounded.
The hell knight hits you with a +2 broad axe.
* * * LOW HITPOINT WARNING * * *
The spriggan defender hits you but does no damage.
The hell knight hits you with a +4 great sword!
* * * LOW HITPOINT WARNING * * *
The hell knight hits you from afar with a +0 halberd!
* * * LOW HITPOINT WARNING * * *
You hit the spriggan defender.
The spriggan defender is heavily wounded.
The hell knight hits you but does no damage.
The spriggan defender blocks your attack.
The spriggan defender is heavily wounded.
The spriggan defender hits you with a +4 demon whip of electrocution.
* * * LOW HITPOINT WARNING * * *
The hell knight hits you from afar with a +2 demon trident of flaming!
* * * LOW HITPOINT WARNING * * *
You impale the spriggan defender!!
The spriggan defender is almost dead.
The hell knight utters an invocation to its god.
The hell knight blinks!
The hell knight hits you but does no damage.
The hell knight hits you with a +4 great sword!!
You die...
Your body crumbles into a pile of gold.

$ ###''####''#
###''####''############
#......##..............
#.#+##.##..............
#.#|f+.##..############
# +4[#.##..# #p[p{##..#
########## #i##..#
.....##..# #♣##..#
.....##..##...ppp##..#
.....''..##########..#
..[..''..##########..#
.....##..[...........#
.....##..............#
######################
# ##### ########
################
###...###..)...#
#...........'..#


You could see a spriggan defender, 4 hell knights and a wandering mushroom.

Vanquished Creatures
  A sphinx (D)
  Gastronok (D)
  A hydra (D)
  A merfolk avatar (D)
  Erica (D)
  A boulder beetle (D)
  Urug (D)
  A shadow wraith (D)
  2 sea snakes (D)
  A deep elf zephyrmancer (D)
  A lindwurm (D)
  Maurice (D)
  A merfolk siren (D)
  A cyclops (D)
  A smoke demon (D)
  An orange demon (D)
  A gargoyle (D)
  An ice devil (D)
  2 freezing wraiths (D)
  A hellwing (D)
  A polar bear (D)
  A snapping turtle (D)
  2 tarantellas (D)
  6 dream sheep (D)
  A spriggan (D)
  An air elemental (D)
  2 vampires (D)
  A wyvern (D)
  A redback (D)
  A warg (D)
  Duvessa (D)
  A small abomination (D)
  A sky beast (D)
  A wolf (D)
  A centaur (D)
  2 kobold brigands (D)
  A gnoll sergeant (D)
  Dowan (D)
  7 wights (D)
  6 killer bees (D)
  3 quasits (D)
  An iguana (D)
  2 hell rats (D)
  A mummy (D)
  6 gnolls (D)
  2 adders (D)
  3 river rats (D)
  2 ufetubi (D)
  A bat zombie (D)
  An endoplasm (D)
  A hobgoblin (D)
  A kobold (D)
  2 quokkas (D)
  A ball python (D)
  2 ball python skeletons (D)
  2 frilled lizards (D)
92 creatures vanquished.

Notes
Turn   | Place    | Note
-------+----------+-------------------------------------------
     0 | D        | rocky1 the Ogre Gladiator began the quest for the Orb.
     0 | D        | Reached XP level 1. HP: 22/22 MP: 1/1
    16 | D        | Reached skill level 3 in Fighting
   165 | D        | Found a bloodstained altar of Trog.
   165 | D        | Found a shimmering blue altar of Sif Muna.
   165 | D        | Found a viscous altar of Jiyva.
   165 | D        | Found a hazy altar of Hepliaklqana.
   165 | D        | Found an opulent altar of Gozag.
   166 | D        | Found a glowing golden altar of the Shining One.
   166 | D        | Found a glowing silver altar of Zin.
   166 | D        | Found a basalt altar of Yredelemnul.
   166 | D        | Found a shimmering altar of Xom.
   166 | D        | Found an ornate altar of the Wu Jian Council.
   166 | D        | Found a sacrificial altar of Ru.
   166 | D        | Found a stormy altar of Qazlal.
   166 | D        | Found an iron altar of Okawaru.
   166 | D        | Found a sparkling altar of Nemelex Xobeh.
   166 | D        | Found a burning altar of Makhleb.
   166 | D        | Found a blossoming altar of Fedhas.
   166 | D        | Found a white marble altar of Elyvilon.
   166 | D        | Found a shadowy altar of Dithmenos.
   166 | D        | Found a snail-covered altar of Cheibriados.
   168 | D        | Found a radiant altar of Vehumet.
   168 | D        | Found a corrupted altar of Lugonu.
   169 | D        | Found a hide-covered altar of Uskayaw.
   169 | D        | Found an ancient bone altar of Kikubaaqudgha.
   169 | D        | Found a broken altar of Ashenzari.
   173 | D        | Became a worshipper of Gozag Ym Sagoz the Greedy
   213 | D        | Reached XP level 2. HP: 25/31 MP: 2/2
   372 | D        | Reached XP level 3. HP: 17/39 MP: 3/3
   561 | D        | Reached skill level 4 in Fighting
   776 | D        | Noticed a wight
   788 | D        | Killed a wight
   789 | D        | Reached skill level 5 in Fighting
   789 | D        | Reached skill level 5 in Maces & Flails
   789 | D        | Reached skill level 5 in Dodging
   789 | D        | Reached XP level 4. HP: 50/50 MP: 4/4
   796 | D        | Noticed a gnoll sergeant
   802 | D        | Noticed a sky beast
   809 | D        | Killed a gnoll sergeant
   810 | D        | Reached skill level 1 in Stealth
   810 | D        | Reached XP level 5. HP: 47/59 MP: 5/5
   812 | D        | Reached skill level 6 in Fighting
   824 | D        | Reached XP level 6. HP: 20/68 MP: 6/6
   853 | D        | Killed a sky beast
   854 | D        | Reached skill level 7 in Fighting
   868 | D        | Reached skill level 8 in Fighting
   875 | D        | Reached XP level 7. HP: 12/80 MP: 7/7
  1196 | D        | Noticed a warg
  1201 | D        | Killed a warg
  1357 | D        | Noticed a polar bear
  1364 | D        | Killed a polar bear
  1365 | D        | Reached skill level 9 in Fighting
  1365 | D        | Reached skill level 10 in Maces & Flails
  1475 | D        | Reached XP level 8. HP: 55/93 MP: 8/8
  1638 | D        | Noticed Duvessa
  1638 | D        | Noticed Dowan
  1638 | D        | Noticed a merfolk siren
  1651 | D        | Killed Duvessa
  1659 | D        | Killed Dowan
  1660 | D        | Reached skill level 10 in Fighting
  1668 | D        | Killed a merfolk siren
  1772 | D        | Reached skill level 11 in Fighting
  1943 | D        | Noticed a sea snake
  1963 | D        | Killed a sea snake
  1964 | D        | Reached skill level 12 in Fighting
  1964 | D        | Reached skill level 5 in Stealth
  1964 | D        | Reached XP level 9. HP: 36/106 MP: 9/9
  2222 | D        | Bought the +3 crown of Dyrovepreva {rElec Int+2 SInv} for
                  | 621 gold pieces
  2222 | D        | Found the +3 crown of Dyrovepreva {rElec Int+2 SInv}
  2222 | D        | Bought a +2 robe of willpower for 265 gold pieces
  2360 | D        | Noticed a shadow wraith
  2370 | D        | Killed a shadow wraith
  2371 | D        | Reached skill level 13 in Fighting
  2540 | D        | Noticed a gargoyle
  2563 | D        | Killed a gargoyle
  2564 | D        | Reached skill level 10 in Dodging
  2799 | D        | Noticed a sea snake
  2799 | D        | Noticed a cyclops
  2808 | D        | Killed a cyclops
  2809 | D        | Reached XP level 10. HP: 99/120 MP: 10/10
  2822 | D        | Killed a sea snake
  2823 | D        | Reached skill level 14 in Fighting
  3035 | D        | Reached skill level 5 in Throwing
  3118 | D        | Noticed a merfolk avatar
  3141 | D        | Reached skill level 15 in Fighting
  3150 | D        | Killed a merfolk avatar
  3151 | D        | Reached skill level 15 in Maces & Flails
  3438 | D        | Noticed a lindwurm
  3447 | D        | Killed a lindwurm
  3704 | D        | Noticed Gastronok
  3704 | D        | Noticed Urug
  3721 | D        | Noticed Maurice
  3828 | D        | Killed Maurice
  3829 | D        | Reached skill level 16 in Fighting
  3829 | D        | Reached XP level 11. HP: 128/135 MP: 11/11
  3934 | D        | Reached skill level 1 in Armour
  3934 | D        | Reached skill level 1 in Evocations
  3938 | D        | Killed Urug
  4005 | D        | Noticed a six-headed hydra
  4009 | D        | Killed a six-headed hydra
  4090 | D        | Noticed a boulder beetle
  4096 | D        | Killed a boulder beetle
  4209 | D        | Noticed a deep elf zephyrmancer
  4216 | D        | Killed a deep elf zephyrmancer
  4233 | D        | Killed Gastronok
  4243 | D        | Reached skill level 17 in Fighting
  4646 | D        | Noticed Erica
  4659 | D        | Killed Erica
  5036 | D        | Noticed a sphinx
  5085 | D        | Killed a sphinx
  5091 | D        | Reached XP level 12. HP: 103/148 MP: 5/12
  5316 | D        | Bought a runed cloak for 120 gold pieces
  5390 | D        | Reached skill level 5 in Evocations
  5393 | D        | Paralysed by an air elemental for 1 turns
  5544 | D        | Reached skill level 5 in Armour
  5783 | D        | Noticed a lorocyproca
  5783 | D        | Noticed a spriggan defender
  5783 | D        | Noticed a hell knight
  5783 | D        | Noticed a hell knight
  5785 | D        | Noticed a hell knight
  5786 | D        | Noticed a hell knight
  5804 | D        | HP: 15/337 [hell knight/+2 demon trident of flaming (12)]
  5805 | D        | Slain by a hell knight

Illustrated notes

Levels and vault maps discovered:
D:        pitsprint [storerooms_1, entrance_room_1, metal_vault_5, armoury_3,
          mini_pit_1, grid_room_1, main_hall_1, silver_pit, the_coven_3,
          the_vestibule_1, steel_vault_5, golden_pit, hallway_of_sentries,
          crystal_vault_4, iron_vault_4, final_vault]

Skill      XL: |  1  2  3  4  5  6  7  8  9 10 11 12 |
---------------+-------------------------------------+-----
Fighting       | 3 5 6 8 9 12 13 16 17 | 17.8
Maces & Flails | 3 4 5 6 7 9 10 12 13 15 16 | 16.5
Dodging        | 3 4 5 6 7 8 9 10 11 12 | 12.1
Throwing       | 3 4 6 9 |  9.5
Stealth        | 1 2 3 5 6 7 9 |  9.3
Armour         | 4 5 |  5.2
Evocations     | 4 5 |  5.3

Action                   |  1- 3 |  4- 6 |  7- 9 | 10-12 || total
-------------------------+-------+-------+-------+-------++-------
Melee: Flail             |    44 |    47 |    51 |       ||   142
       Dire flail        |       |       |    57 |   242 ||   299
Throw: Throwing net      |     2 |       |     1 |     4 ||     7
       Large rock        |       |       |       |    18 ||    18
       Javelin           |       |       |       |    19 ||    19
Invok: Call Merchant     |       |       |     2 |     1 ||     3
       Potion Petition   |       |       |       |     1 ||     1
  Use: Potion            |       |     3 |     2 |    14 ||    19
 Stab: Invisible         |       |     2 |     5 |       ||     7
       Distracted        |       |       |     1 |       ||     1
       Sleeping          |       |       |     1 |       ||     1
Armor: Robe              |    15 |     7 |    23 |    55 ||   100
       Skin              |       |       |       |    12 ||    12
Dodge: Dodged            |    30 |    18 |    51 |   141 ||   240

Table legend: (Time is in decaauts)
 A = Elapsed time spent in this place.
 B = Non-inter-level travel time spent in this place.
 C = Inter-level travel time spent in this place.
 D = Time resting spent in this place.
 E = Time spent auto-exploring this place.
 F = Levels seen in this place.
 G = Mean time per level.
                   A        B        C        D        E       F      G
               +--------+--------+--------+--------+--------+-----+--------+
         Total |   5785 |   5759 |     26 |   4111 |      0 |   1 | 5785.0 |
       Dungeon |   5785 |   5759 |     26 |   4111 |      0 |   1 | 5785.0 |
               +--------+--------+--------+--------+--------+-----+--------+

Top non-repeatable levels by time:
       D: 5785 daAuts
